 Seeded DCSS version 0.28.0-45-g0d030f2227 (webtiles) character file.

Game seed: 7525391049535536568 (custom seed)

23 zeratav the Sneak (level 3, 0/16 HPs)
             Began as a Vine Stalker Enchanter on Apr 19, 2022.
             Slain by an adder (1 damage)
             ... on level 2 of the Dungeon.
             The game lasted 00:02:31 (1840 turns).

zeratav the Sneak (Vine Stalker Enchanter)          Turns: 1840, Time: 00:02:31

Health: 0/16       AC:  3    Str: 10    XL:     3   Next: 0%
Magic:  0/7        EV: 11    Int: 15    God:
Gold:   51         SH:  0    Dex: 16    Spells: 4/6 levels left

rFire   . . .      SeeInvis .   a - +1 dagger (speed) {short}
rCold   . . .      Faith    .   (no shield)
rNeg    . . .      Spirit   +   f - +0 leather armour
rPois   .          Reflect  .   (no helmet)
rElec   .          Harm     .   (no cloak)
rCorr   .          Rampage  .   (no gloves)
Will    .....                   (no boots)
Stlth   ++........              (no amulet)
HPRegen 0.05/turn               (no ring)
MPRegen 0.10/turn               (no ring)

@: no status effects
A: fangs 2, magic shield, antimagic bite, no potion heal 2
a: no special abilities


You were on level 2 of the Dungeon.
You visited 1 branch of the dungeon, and saw 2 of its levels.

You collected 51 gold pieces.


Innate Abilities, Weirdness & Mutations

You have extremely sharp teeth.
When hurt, damage is shared between your health and your magic reserves.
Your bite disrupts and absorbs the magic of your enemies.
Potions cannot restore your health.


   Skills:
 * Level 2.1 Short Blades
 + Level 0.1 Armour
 - Level 1.5 Dodging
 - Level 3.6 Stealth
 - Level 2.1 Spellcasting
 + Level 3.3 Hexes


You had 4 spell levels left.
You knew the following spells:

 Your Spells              Type           Power      Damage    Failure   Level
a - Ensorcelled Hibernat  Hex/Ice        12%        N/A       22%         2

Your spell library contained the following spells:

 Spells                   Type           Power      Damage    Failure   Level
 Confusing Touch          Hex            11%        N/A       22%         3
 Tukima's Dance           Hex            11%        N/A       22%         3
 Magic Dart               Conj           4%         1d3       30%         1
 Call Imp                 Summ           1%         N/A       41%         2
 Dazzling Flash           Conj/Hex       12%        N/A       41%         3
 Mephitic Cloud           Conj/Pois/Air  1%         N/A       65%         3

Inventory:

Hand Weapons
 a - a +1 dagger of speed (weapon) {short}
   (You took it off a kobold on level 2 of the Dungeon)
 h - a +0 short sword {short}
   (You found it on level 1 of the Dungeon)
Missiles
 i - 29 stones (quivered) {throwing}
Armour
 b - a +0 robe
 f - a +0 leather armour (worn)
   (You found it on level 1 of the Dungeon)
Scrolls
 e - a scroll of vulnerability {unknown}
 g - a scroll of summoning {unknown}
Potions
 c - a potion of invisibility
 d - a potion of magic {unknown}

Dungeon Overview and Level Annotations

Branches:
Dungeon (2/15)

Altars:

#.# .#.# ###.### . #..
#.#.# .....
#.#..###.#.######.#######
........#...............
#...#..#.)...##.#######
#......#...†.##.#
#.#..#.#.##'###.# #
#....Kw#.##.# #.# .
.#..#.#@#.##.# #.# .
.......S.#.##.# #.# #
.....#...#.##.###.#
#..............#
#.#####>#.##.#.# ...
#.#.##.#.# ## ##
#.#.##.#.# ######.
#.#.##.#.# .......
#.#.##.#.# #######


You could see a worm, an adder and a kobold.


Message History

MP[-1]
You lost 1 mp, and now have 4/6 mp.
You hit the quokka. Your bite misses the quokka. The quokka barely misses you.
You closely miss the quokka. You hit the quokka.
You kill the quokka!
No target in view!
No target in view!
No target in view!
No target in view!
No target in view!
No target in view!
No target in view!
You now have 51 gold pieces (gained 1).
A kobold comes into view. It is wielding a +0 dagger.
HP[+2] MP[+2]
Your hp is fully restored (13).
Your mp is fully restored (6).
A kobold is nearby!
A giant cockroach comes into view.
The helpless giant cockroach fails to defend itself.
You puncture the giant cockroach!
You kill the giant cockroach!
The kobold shouts!
The kobold throws a stone.
The stone hits you but does no damage.
The kobold throws a stone.
The stone hits you but does no damage. The kobold closely misses you.
You hit the kobold.
You kill the kobold!
You have reached level 3!
Your experience leads to an increase in your attributes!
Increase (S)trength, (I)ntelligence, or (D)exterity?
You feel agile. x2
HP[+3] MP[+1]
You now have 16 max hp (+3).
Your hp is fully restored (16).
Your mp is fully restored (7).
i - 29 stones {throwing} (gained 5)
You see here a +0 dagger {short}.
You see here a giant cockroach corpse.
You open the door.
There is an open door here.
Found a stone staircase leading down.
A worm comes into view.
A kobold comes into view. It is wielding a +0 whip.
An adder comes into view.
The worm closely misses you.
The kobold shouts!
You see here 14 gold pieces.
You hit the worm. You barely miss the worm.
You bite the worm, but do no damage. The kobold hits you with a +0 whip.
HP[-1] MP[-1]
You take 1 damage, and now have 15/16 hp.
You lost 1 mp, and now have 6/7 mp.
You hit the worm. The worm bites you!
* * * LOW HITPOINT WARNING * * *
You are too injured to fight recklessly!
HP[-7] MP[-3]
You take 7 damage, and now have 8/16 hp.
MASSIVE DAMAGE!! (PAUSE)
You lost 3 mp, and now have 3/7 mp.
You are too injured to fight recklessly!
You are too injured to fight recklessly!
You are too injured to fight recklessly!
You are too injured to fight recklessly!
You are too injured to fight recklessly!
You are too injured to fight recklessly!
You are too injured to fight recklessly!
You are too injured to fight recklessly!
You are too injured to fight recklessly!
You barely miss the adder. The kobold closely misses you. The adder bites you.
* * * LOW HITPOINT WARNING * * *
HP[-3] MP[-1]
You take 3 damage, and now have 5/16 hp.
You lost 1 mp, and now have 2/7 mp.
You closely miss the adder. The kobold barely misses you.
You hit the adder. Your punch misses the adder.
The adder bites you but does no damage.
You hit the adder but do no damage. You bite the adder. You drain its power.
You feel invigorated. The adder bites you.
* * * LOW HITPOINT WARNING * * *
The kobold closely misses you. The worm closely misses you.
HP[-1] MP[+2]
You take 1 damage, and now have 4/16 hp.
You regained 2 mp, and now have 4/7 mp.
You miss the adder. Your bite misses the adder. The adder barely misses you.
You closely miss the adder. Your bite misses the adder.
The kobold hits you with a +0 whip.
* * * LOW HITPOINT WARNING * * *
HP[-2] MP[-1]
You take 2 damage, and now have 2/16 hp.
You lost 1 mp, and now have 3/7 mp.
You hit the adder. You bite the adder. You drain its power.
You feel invigorated. The adder bites you. The worm bites you.
* * * LOW HITPOINT WARNING * * *
HP[-1] MP[-2]
You take 1 damage, and now have 1/16 hp.
You lost 2 mp, and now have 1/7 mp.
You barely miss the adder. The kobold hits you but does no damage.
The adder bites you.
You die...

Skill      XL: |  1  2 |
---------------+-------+-----
Short Blades   | 1 2 |  2.1
Armour         | |  0.1
Dodging        | |  1.5
Stealth        | |  3.6
Spellcasting   | |  2.1
Hexes          | |  3.3

Action                   || total
-------------------------++-------
Melee: Dagger            ||    76
       Bite              ||    22
       Short sword       ||    44
 Stab: Sleeping          ||     1
Armor: Leather armour    ||    45
       Robe              ||     3
Dodge: Dodged            ||    96

Levels and vault maps discovered:
D:1:      saegor_arrival_simple_a, layout_rooms,
          hellmonk_ecumenical_altar_inner_sanctum, serial_bayou_pond_b
D:2:      layout_basic

Notes
Turn   | Place    | Note
-------+----------+-------------------------------------------
     0 | D:1      | zeratav the Vine Stalker Enchanter began the quest for the
                  | Orb.
     0 | D:1      | Reached XP level 1. HP: 9/9 MP: 4/4
     0 | D:1      | magus.rc [v1.9.6]
    39 | D:1      | Reached skill level 1 in Short Blades
    41 | D:1      | HP: 2/9 [hobgoblin (2)]
   344 | D:1      | Reached XP level 2. HP: 7/13 MP: 1/6
   600 | D:1      | Found a faded altar of an unknown god.
   935 | D:1      | HP: 2/13 [kobold/+0 club (2)]
  1193 | D:1      | You pick up a book of Minor Magic and begin reading...
  1193 | D:1      | You add the spells Magic Dart, Call Imp and Mephitic Cloud
                  | to your library.
  1236 | D:1      | Learned a level 2 spell: Ensorcelled Hibernation
  1337 | D:1      | Reached skill level 2 in Short Blades
  1804 | D:2      | Reached XP level 3. HP: 16/16 MP: 7/7
  1836 | D:2      | HP: 4/16 [adder (1)]
  1839 | D:2      | HP: 1/16 [worm (1)]
  1840 | D:2      | Slain by an adder

Vanquished Creatures
  2 ball pythons (D:1)
  2 bats (D:1)
  An endoplasm (D:1)
  A giant cockroach (D:2)
  A goblin (D:1)
  4 hobgoblins (D:1)
  7 kobolds
  A quokka (D:2)
  A frilled lizard (D:1)
20 creatures vanquished.

Table legend:
 A = Non-vault XP
 B = Vault XP
 C = Vault XP percentage of total XP
 D = Non-vault monster count
 E = Vault monster count
 F = Vault count percentage of total count
                 A         B        C        D         E       F
            +---------+---------+-------+---------+---------+-------
      Total |      28 |       6 |  17.6 |      17 |       3 |  15.0
            +---------+---------+-------+---------+---------+-------
        D:1 |      20 |       6 |  23.1 |      12 |       3 |  20.0
        D:2 |       8 |       0 |   0.0 |       5 |       0 |   0.0
            +---------+---------+-------+---------+---------+-------

Illustrated notes

Table legend:
 A = Kills in this place as a percentage of kills in entire the game.
 B = Kills by you in this place as a percentage of kills by you in the entire game.
 C = Kills by friends in this place as a percentage of kills by friends in the entire game.
 D = Other kills in this place as a percentage of other kills in the entire game.
 E = Experience gained in this place as a percentage of experience gained in the entire game.
 F = Experience gained in this place divided by the number of levels of this place that you have seen.
                   A       B       C       D       E      F
               +-------+-------+-------+-------+-------+----------------------
         Total | 100.0 | 100.0 |   N/A |   N/A | 100.0 |  17.0
       Dungeon | 100.0 | 100.0 |   N/A |   N/A | 100.0 |  17.0
               +-------+-------+-------+-------+-------+----------------------

Table legend: (Time is in decaauts)
 A = Elapsed time spent in this place.
 B = Non-inter-level travel time spent in this place.
 C = Inter-level travel time spent in this place.
 D = Time resting spent in this place.
 E = Time spent auto-exploring this place.
 F = Levels seen in this place.
 G = Mean time per level.
                   A        B        C        D        E       F      G
               +--------+--------+--------+--------+--------+-----+--------+
         Total |   1825 |   1810 |     15 |    761 |    764 |   2 |  912.5 |
       Dungeon |   1825 |   1810 |     15 |    761 |    764 |   2 |  912.5 |
               +--------+--------+--------+--------+--------+-----+--------+

Top non-repeatable levels by time:
     D:1: 1449 daAuts
     D:2: 375 daAuts
